 Dungeon Crawl Stone Soup version 0.23.0-42-geed6394480 (webtiles) character file.

Game seed: 13903999577711908436

840 DildoBatman the Sneak (level 8, 0/50 HPs)
             Began as an Octopode Wizard on Mar 1, 2019.
             Shot with an arrow by a centaur (14 damage)
             ... on level 6 of the Dungeon.
             The game lasted 00:22:51 (5072 turns).

DildoBatman the Sneak (Octopode Wizard)             Turns: 5072, Time: 00:22:52

Health: 0/50       AC:  3    Str:  7      XL:     8   Next: 0%
Magic:  8/14       EV: 14    Int: 22      God:
Gold:   241        SH:  0    Dex:  6 (10) Spells: 6/15 levels left

rFire    . . .     SeeInvis .   a - +0 falchion (freeze)
rCold    . . .     Gourm    .   (no shield)
rNeg     . . .     Faith    +   m - +2 hat
rPois    .         Spirit   .   p - amulet of faith
rElec    .         Reflect  .   w - +1 ring of evasion
rCorr    .         Harm     .   (no ring)
MR       .....                  (no ring)
Stlth    ++++......             (no ring)
HPRegen  0.16/turn              (no ring)
MPRegen  0.14/turn              (no ring)
                                (no ring)
                                (no ring)

@: no status effects
A: almost no armour, stealthy swim, amphibious, 8 rings, constrict 8, camouflage
1, gelatinous body 1
a: no special abilities


You were on level 6 of the Dungeon.
You were not hungry.

You visited 1 branch of the dungeon, and saw 6 of its levels.

You collected 316 gold pieces.
You spent 75 gold pieces at shops.

Inventory:

Hand Weapons
 a - a +0 falchion of freezing (weapon)
 b - a +0 shortbow
 l - a -2 hunting sling
 s - a +0 dagger
Missiles
 c - 59 sling bullets
 d - 34 bolts
 f - 171 stones (quivered)
 k - 67 arrows
 t - 50 poisoned needles
Armour
 m - a +2 hat (worn)
Jewellery
 p - an amulet of faith (around mantle)
 w - a +1 ring of evasion (left tentacle)
Scrolls
 e - a scroll of immolation {unknown}
 j - a scroll of fog
 o - a scroll of amnesia
 q - a scroll of enchant weapon
 r - a scroll of blinking {unknown}
 x - a scroll of remove curse
 y - 2 scrolls of teleportation
Potions
 h - 4 potions of curing
 i - a potion of magic {unknown}
 n - a potion of cancellation {unknown}
 u - a potion of haste
 A - a potion of degeneration {unknown}
 B - 3 potions of ambrosia
 C - a potion of flight {unknown}
Comestibles
 g - 4 chunks of flesh
 v - 11 rations


   Skills:
 - Level 2.0 Fighting
 * Level 2.0 Dodging
 - Level 6.5 Stealth
 - Level 4.0 Spellcasting
 - Level 5.1 Conjurations
   Level 1.0 Summonings
 - Level 1.0 Translocations
 - Level 1.1 Fire Magic
 - Level 2.0 Air Magic
 - Level 3.0 Poison Magic


You had 6 spell levels left.
You knew the following spells:

 Your Spells              Type           Power        Failure   Level  Hunger
a - Conjure Flame         Conj/Fire      ###.....     10%         3    ###....
b - Blink                 Tloc           N/A          11%         2    #......
c - Magic Dart            Conj           ####         1%          1    None
e - Mephitic Cloud        Conj/Pois/Air  ###.....     9%          3    ###....

Your spell library contained the following spells:

 Spells                   Type           Power        Failure   Level  Hunger
 Call Imp                 Summ           #.......     11%         2    #......
 Slow                     Hex            #.......     17%         2    #......


Dungeon Overview and Level Annotations

Branches:
Dungeon (6/15)
 Temple: D:4-7

Altars:
Gozag
Nemelex Xobeh
Qazlal
Sif Muna
The Shining One

Shops:
D:5 ?

Annotations:
D:3 2 runed translucent doors, joo's ghost, amateur MfGl
D:4 exclusions: ogre, 2 orcs, 4 orc priests and orc wizard, Sigmund
D:5 1 exclusion


Innate Abilities, Weirdness & Mutations

You cannot wear most types of armour.
You are very stealthy in the water. (Stealth+)
You are amphibious.
You can wear up to eight rings at the same time.
You can use your tentacles to constrict eight enemies at once.
Your skin changes colour to match your surroundings (Stealth+).
Your rubbery body absorbs attacks. (AC +1, EV +1)


Message History

Aiming: Magic Dart (safe; 1% risk of failure)
Press: ? - help, Shift-Dir - straight line, f/p - centaur
Aim: a centaur (almost dead, confused)
The magic dart hits the centaur.
The centaur is almost dead.
You catch the helpless centaur completely off-guard!
You hit the centaur. You freeze the centaur.
The centaur is almost dead.
Casting: Magic Dart (safe; 1% risk of failure)
Confirm with . or Enter, or press ? or * to list all spells.
You blink.
The water moccasin hisses angrily.
The centaur seems less confused.
The centaur wields a +0 shortbow.
The centaur shoots an arrow.
The arrow barely misses you.
The centaur shoots an arrow.
The arrow hits you!
You die...

.....>.<.........#.(.
.###.#..##.##...S.#..
# #...#.##.......#
####........#.....
#_##..####........
##'##.## #........#
#...### #.........
#...# #.#...c..#
#.@.### #.##..$###
#...#.# #.##$#.##
#...#.# #.......c
#...#.# #(# #
#c..#.####.##.#
#...#.c..c....#
#.S§#(####.####
#...#......####.##
...#.((#.####........


You could see a water moccasin and a centaur.

Vanquished Creatures
  A centaur (D:6)
  2 bullfrogs
  A crimson imp (D:5)
  A bullfrog zombie (D:5)
  A quasit (D:5)
  3 orc wizards
  4 orc priests
  A jelly (D:5)
  An iguana (D:4)
  4 worker ants
  Robin (D:3)
  A worker ant zombie (D:5)
  A gnoll (D:2)
  7 adders
  A shadow imp (D:5)
  2 oozes (D:2)
  3 worms
  3 dart slugs
  3 leopard geckos
  11 orcs
  4 bats
  16 goblins
  8 hobgoblins
  4 jackals (D:2)
  A quokka (D:2)
  4 frilled lizards
  A jackal skeleton (D:5)
  6 kobolds
  6 rats
102 creatures vanquished.

Notes
Turn   | Place    | Note
-------+----------+-------------------------------------------
     0 | D:1      | DildoBatman the Octopode Wizard began the quest for the
                  | Orb.
     0 | D:1      | Reached XP level 1. HP: 11/11 MP: 4/4
   130 | D:1      | Reached XP level 2. HP: 15/17 MP: 4/6
   861 | D:2      | Reached XP level 3. HP: 13/21 MP: 2/7
   866 | D:2      | Learned a level 3 spell: Conjure Flame
   870 | D:2      | Learned a level 3 spell: Mephitic Cloud
  1242 | D:2      | Found a stormy altar of Qazlal.
  1277 | D:2      | Reached XP level 4. HP: 27/27 MP: 2/8
  2116 | D:3      | Found a large runed translucent door.
  2123 | D:3      | Found a large runed translucent door.
  2124 | D:3      | Noticed joo's ghost (amateur MfGl)
  2155 | D:3      | Found a glowing golden altar of the Shining One.
  2204 | D:3      | Noticed Robin
  2212 | D:3      | Reached XP level 5. HP: 31/31 MP: 5/9
  2422 | D:3      | Killed Robin
  2660 | D:4      | Noticed Sigmund
  2734 | D:3      | Reached skill level 5 in Conjurations
  2738 | D:3      | Learned a level 2 spell: Blink
  2870 | D:4      | Found a sparkling altar of Nemelex Xobeh.
  3147 | D:4      | Reached skill level 3 in Stealth
  3147 | D:4      | Reached XP level 6. HP: 37/37 MP: 7/10
  3351 | D:4      | Reached skill level 1 in Poison Magic
  3398 | D:4      | Reached skill level 1 in Fighting
  3398 | D:4      | Reached skill level 1 in Air Magic
  3532 | D:4      | Reached skill level 1 in Fire Magic
  3787 | D:5      | Entered Level 5 of the Dungeon
  3880 | D:5      | Reached XP level 7. HP: 44/44 MP: 4/12
  3908 | D:5      | Reached skill level 4 in Stealth
  3924 | D:5      | Found Nuppu's Magic Scroll Emporium.
  4442 | D:5      | Bought a scroll of enchant armour for 75 gold pieces
  4499 | D:5      | Found an opulent altar of Gozag.
  4925 | D:6      | Reached skill level 5 in Stealth
  4952 | D:6      | Found a deep blue altar of Sif Muna.
  5050 | D:6      | Reached skill level 6 in Stealth
  5050 | D:6      | Reached XP level 8. HP: 31/50 MP: 11/14
  5072 | D:6      | Shot with an arrow by a centaur

Skill      XL: |  1  2  3  4  5  6  7 |
---------------+----------------------+-----
Conjurations   | 2 3 4 5 |  5.1
Stealth        | 3 6 |  6.5
Poison Magic   | 2 3 |  3.0
Fighting       | 1 2 |  2.0
Air Magic      | 1 2 |  2.0
Fire Magic     | 1 |  1.1
Spellcasting   | 4 |  4.0
Dodging        | |  2.0
Summonings     | |  1.0
Translocations | |  1.0

Action                   |  1- 3 |  4- 6 |  7- 9 || total
-------------------------+-------+-------+-------++-------
Melee: Unarmed           |     6 |       |       ||     6
       Constrict         |     1 |     4 |     8 ||    13
       Falchion          |       |    18 |    37 ||    55
       Tentacles         |       |     3 |     4 ||     7
 Fire: Hunting sling     |     5 |    60 |       ||    65
       Shortbow          |       |       |     2 ||     2
 Cast: Magic Dart        |    54 |   108 |    52 ||   214
       Mephitic Cloud    |       |     9 |    10 ||    19
       Conjure Flame     |       |     1 |     2 ||     3
       Blink             |       |       |     1 ||     1
  Use: Scroll            |       |     6 |     5 ||    11
       Potion            |       |       |     4 ||     4
 Stab: Confused          |       |     2 |     5 ||     7
  Eat: Chunk             |     1 |     9 |     4 ||    14
Armor: Skin              |       |     7 |    20 ||    27
Dodge: Dodged            |     5 |    49 |    76 ||   130
       Rpst.: Falchion   |       |     3 |    11 ||    14
